 Dungeon Crawl Stone Soup version 0.30-a0-553-g7fabdf1491 (webtiles) character file.

Game seed: 11613002695310720320

350 HoaS the Skirmisher (level 6, -5/35 HPs)
             Began as a Tengu Hunter on Dec 26, 2022.
             Slain by Edmund
             ... wielding a +3 flail of pain
              (15 damage)
             ... on level 4 of the Dungeon.
             The game lasted 00:05:04 (2570 turns).

HoaS the Skirmisher (Tengu Hunter)                  Turns: 2570, Time: 00:05:06

Health: -5/35      AC:  6    Str: 11    XL:     6   Next: 60%
Magic:  7/7        EV: 14    Int: 10    God:
Gold:   235        SH:  0    Dex: 19    Spells: 5/5 levels left

rFire   + . .      SeeInvis .    a - +0 shortbow
rCold   + + .      Faith    .    (shield currently unavailable)
rNeg    . . .      Spirit   .    d - +1 leather armour {rC+}
rPois   .          Reflect  .    (helmet restricted)
rElec   .          Harm     .    c - scarf {rC+ rF+}
rCorr   .          Rampage  .    f - +1 pair of gloves
Will    .....                    (boots unavailable)
Stlth   ++                       (no amulet)
HPRegen 0.25/turn                (no ring)
MPRegen 0.10/turn                (no ring)

@: flying quickly and evasively, hasted, very quick
A: beak, talons 3, nimble flight
a: no special abilities


You were on level 4 of the Dungeon.
You visited 1 branch of the dungeon, and saw 4 of its levels.

You collected 235 gold pieces.

Inventory:

Hand Weapons
 a - a +0 shortbow (weapon)
Armour
 c - a scarf of resistance (worn)
 d - a +1 leather armour of cold resistance (worn)
 f - a +1 pair of gloves (worn)
Scrolls
 b - 2 scrolls of immolation
 e - 3 scrolls of identify
 h - 3 scrolls of teleportation
 l - a scroll of blinking {unknown}
Potions
 j - a potion of mutation


   Skills:
 - Level 2.0 Fighting
 + Level 8.4 Ranged Weapons
 - Level 2.1 Dodging
 - Level 1.0 Stealth


You had 5 spell levels left.
You didn't know any spells.
Your spell library contained the following spells:

 Spells                   Type           Power      Damage    Failure   Level
 Gell's Gravitas          Tloc           0%         N/A       83%         3
 Lesser Beckoning         Tloc           0%         N/A       83%         3
 Teleport Other           Tloc           0%         N/A       83%         3


Dungeon Overview and Level Annotations

Branches:
Dungeon (4/15)
 Temple: D:4-7

Altars:

Annotations:
D:4 Edmund


Innate Abilities, Weirdness & Mutations

You have a beak for a mouth.
You have claws for feet.
Your magical nature lets you fly swiftly and evasively.


Message History

Edmund is severely wounded.
Edmund barely misses you.
You feel better.
Edmund drinks a potion.
Edmund is healed!
You feel better.
Edmund hits you with a +3 flail of pain.
You shoot an arrow. The arrow hits Edmund.
Edmund is lightly wounded.
Edmund misses you.
You shoot an arrow. The arrow barely misses Edmund.
Edmund hits you with a +3 flail of pain.
You writhe in agony.
Edmund hits you with a +3 flail of pain!
* * * LOW HITPOINT WARNING * * *
You shoot an arrow. The arrow hits Edmund!
Edmund is moderately wounded.
Edmund hits you but does no damage.
You shoot an arrow. The arrow hits Edmund.
Edmund is moderately wounded.
Edmund hits you but does no damage.
You writhe in agony.
* * * LOW HITPOINT WARNING * * *
You shoot an arrow. The arrow hits Edmund!
Edmund is heavily wounded.
Edmund hits you with a +3 flail of pain.
* * * LOW HITPOINT WARNING * * *
You writhe in agony.
* * * LOW HITPOINT WARNING * * *
You feel better. Edmund misses you.
You feel yourself speed up. Edmund hits you but does no damage.
You shoot an arrow. The arrow hits Edmund!
Edmund is almost dead.
Edmund hits you with a +3 flail of pain.
You writhe in agony.
You shoot an arrow. The arrow hits Edmund.
Edmund is almost dead.
You shoot an arrow. The arrow barely misses Edmund.
Edmund completely misses you.
You shoot an arrow. The arrow barely misses Edmund.
Edmund closely misses you.
You shoot an arrow. The arrow barely misses Edmund.
Edmund hits you with a +3 flail of pain!
You die...

### #.........###..†
..# +.........'.....
### #.........###...
# ##.......## #... ##
##.....## #... .#
##...## #### ### ##
##'## ..# #.######.#
#.# #.@....#.# ..#
#@####.#.####### ###
#. #.........# ..
#.........#### ....
#.............
..#.#.##.........####
....###..=......#.#
###.. #@.....#####.#
####..#####.#


You could see Edmund.

Vanquished Creatures
  A black bear (D:4)
  A hound (D:4)
  An orc priest (D:2)
  2 orc wizards (D:2)
  7 adders
  A worm (D:4)
  2 dart slugs (D:1)
  11 orcs
  7 ball pythons
  4 endoplasms
  3 giant cockroaches
  6 hobgoblins
  3 jackals (D:3)
  5 kobolds
  2 quokkas
  3 bats
  2 frilled lizards
  8 goblins
  3 rats
72 creatures vanquished.

Notes
Turn   | Place    | Note
-------+----------+-------------------------------------------
     0 | D:1      | HoaS the Tengu Hunter began the quest for the Orb.
     0 | D:1      | Reached XP level 1. HP: 12/12 MP: 2/2
   126 | D:1      | Reached XP level 2. HP: 17/17 MP: 3/3
   160 | D:1      | Reached skill level 5 in Ranged Weapons
  1008 | D:2      | Reached XP level 3. HP: 12/21 MP: 4/4
  1073 | D:2      | Reached skill level 6 in Ranged Weapons
  1129 | D:2      | Reached XP level 4. HP: 24/26 MP: 5/5
  1143 | D:2      | Identified the +7 spear "Kyunusul" {pain, Fly rC+}
  1569 | D:2      | Gained mutation: Your magical nature lets you fly swiftly
                  | and evasively. [Tengu growth]
  1569 | D:2      | Reached XP level 5. HP: 30/30 MP: 6/6
  1605 | D:2      | Reached skill level 7 in Ranged Weapons
  2307 | D:4      | Reached XP level 6. HP: 33/35 MP: 7/7
  2447 | D:4      | Noticed Edmund
  2468 | D:4      | Noticed a black bear
  2476 | D:4      | Killed a black bear
  2477 | D:4      | Reached skill level 8 in Ranged Weapons
  2570 | D:4      | Slain by Edmund

Illustrated notes

Levels and vault maps discovered:
D:1:      dpeg_arrival_houses_and_road, layout_basic, due_unseen_surprise
D:2:      layout_rooms, columned_hall_lemuel
D:3:      layout_rooms
D:4:      layout_loops_corners, tgw_sif, portal_sewer_entry_e, uniq_edmund,
          uniq_pikel

Skill      XL: |  1  2  3  4  5  6 |
---------------+-------------------+-----
Ranged Weapons | 5 6 7 8 |  8.4
Fighting       | |  2.0
Dodging        | |  2.1
Stealth        | |  1.0

Action                   |  1- 3 |  4- 6 || total
-------------------------+-------+-------++-------
 Fire: Shortbow          |    48 |   169 ||   217
  Use: Scroll            |     3 |     7 ||    10
       Potion            |       |     5 ||     5
Armor: Leather armour    |     1 |    15 ||    16
Dodge: Dodged            |     2 |    70 ||    72

Table legend: (Time is in decaauts)
 A = Elapsed time spent in this place.
 B = Non-inter-level travel time spent in this place.
 C = Inter-level travel time spent in this place.
 D = Time resting spent in this place.
 E = Time spent auto-exploring this place.
 F = Levels seen in this place.
 G = Mean time per level.
                   A        B        C        D        E       F      G
               +--------+--------+--------+--------+--------+-----+--------+
         Total |   2539 |   2473 |     66 |    153 |   1859 |   4 |  634.8 |
       Dungeon |   2539 |   2473 |     66 |    153 |   1859 |   4 |  634.8 |
               +--------+--------+--------+--------+--------+-----+--------+

Top non-repeatable levels by time:
     D:1: 1035 daAuts
     D:2: 590 daAuts
     D:4: 537 daAuts
     D:3: 375 daAuts
